 Dungeon Crawl Stone Soup version 0.26-a0-712-ga5a9c9c9d0 (webtiles) character file.

Game seed: 8594501697052795019

(classic levelgen) 79 EnegeticOcto the Covered (level 4, 40/42 HPs)
             Began as a Deep Dwarf Fighter on Nov 5, 2020.
             Quit the game on level 2 of the Dungeon.
             The game lasted 00:00:35 (426 turns).

EnegeticOcto the Covered (Deep Dwarf Fighter)        Turns: 426, Time: 00:00:36

Health: 40/42      AC:  9    Str: 21    XL:     4   Next: 17%
Magic:  4/4        EV:  5    Int:  8    God:
Gold:   50         SH:  9    Dex: 12    Spells: 3/3 levels left

rFire    . . .     SeeInvis .   a - +0 war axe
rCold    . . .     Faith    .   c - +0 kite shield
rNeg     . . .     Spirit   .   h - +0 chain mail
rPois    .         Reflect  .   (no helmet)
rElec    .         Harm     .   (no cloak)
rCorr    .         Rampage  .   (no gloves)
MR       .....                  (no boots)
Stlth    ..........             i - amulet of inaccuracy (curse)
HPRegen  0.00/turn              k - ring of flight
MPRegen  0.09/turn              (no ring)

@: about to teleport, non-regenerating
A: damage resistance, heal wounds, sense surroundings 1, no regeneration
a: Heal Wounds, Evoke Flight


You were on level 2 of the Dungeon.
You visited 1 branch of the dungeon, and saw 2 of its levels.

You collected 50 gold pieces.

Inventory:

Hand Weapons
 a - a +0 war axe (weapon)
Armour
 b - a +0 scale mail
 c - a +0 kite shield (worn)
 h - a +0 chain mail (worn)
Jewellery
 i - a cursed amulet of inaccuracy (around neck)
 k - a ring of flight (left hand)
Scrolls
 g - 4 scrolls of teleportation {@r3}
Potions
 d - a potion of might {@q3}
 e - a potion of degeneration {unknown}
 f - a potion of heal wounds {unknown}


   Skills:
 + Level 3.1 Fighting
 * Level 3.5 Axes
 + Level 3.8 Armour
 + Level 3.8 Shields


You had 3 spell levels left.
You didn't know any spells.
Your spell library was empty.

Dungeon Overview and Level Annotations

Branches:
Dungeon (2/15)

Altars:
Cheibriados
Nemelex Xobeh
Xom
Yredelemnul


Innate Abilities, Weirdness & Mutations

You are resistant to damage.
You can heal yourself by infusing magical energy.
You passively map a small area around you.
You do not regenerate.


Message History

You see here a flail.
A dart slug comes into view.
The dart slug launches a dart at you.
The slug dart hits you but does no damage.
A dart slug is nearby!
A dart slug is nearby!
A dart slug is nearby!
A dart slug is nearby!
A dart slug is nearby!
A dart slug is nearby!
Found a scroll labeled XYBOUXITHU.
Found 29 stones.
Found a runed cabochon ring.
Found a stone staircase leading down.
You hit the dart slug but do no damage. You block the dart slug's attack.
You slash the dart slug!
The dart slug is severely wounded.
The dart slug barely misses you.
You slash the dart slug!
You kill the dart slug!
No target in view!
No target in view!
No target in view!
No target in view!
No target in view!
No target in view!
No target in view!
No target in view!
No target in view!
No target in view!
No target in view!
No target in view!
No target in view!
No target in view!
No target in view!
i - a dented copper amulet
Found a snail-covered altar of Cheibriados.
Found a stone staircase leading up.
An adder comes into view.
The adder hisses angrily.
Jessica the Apprentice Sorceress comes into view.
She is wielding a +0 club and carrying a wand of random effects (15).
There are monsters nearby!
There are monsters nearby!
There are monsters nearby!
Jessica shouts!
Jessica gestures wildly while chanting.
Jessica blinks!
Found a stone staircase leading down.
You slash the adder!
You kill the adder!
No target in view!
No target in view!
No target in view!
No target in view!
No target in view!
No target in view!
No target in view!
No target in view!
No target in view!
No target in view!
No target in view!
No target in view!
No target in view!
No target in view!
No target in view!
No target in view!
No target in view!
No target in view!
No target in view!
No target in view!
No target in view!
No target in view!
No target in view!
j - a scroll labeled XYBOUXITHU
k - a runed cabochon ring
k - a ring of flight (left hand)
You closely miss Jessica. Jessica hits you but does no damage. x2
You hit Jessica.
Jessica is severely wounded.
You block Jessica's attack.
You closely miss Jessica.
Jessica is severely wounded.
Jessica hits you but does no damage.
You hit Jessica.
You kill Jessica!
You have reached level 4!
You feel stronger.
There's nothing to open nearby.
There's nothing to open nearby.
Unknown command.
You start putting on your amulet.
You continue putting on your dented copper amulet. x5
You finish putting on your cursed amulet of inaccuracy.
Oops, that amulet feels deathly cold.
i - a cursed amulet of inaccuracy (around neck)
As you read the scroll labeled XYBOUXITHU, it crumbles to dust.
It is a scroll of amnesia.
You feel forgetful for a moment.
As you read the scroll labeled ALE ZEHUS IRGH, it crumbles to dust.
You feel strangely unstable.
It was a scroll of teleportation.
Are you sure you want to abandon this character and quit the game? (Confirm with "yes".)

, , * *##># ...# * , #.#
##... , ...##...# ,
*##..#.._.### #... ...... *
* , * * #.^.* #.># , , , * *
#...* #.@# *#.*#
####...###).###, *...##.
..............# .#...
####.<.##.....####...#*
............(........#...#..
.....###...##.....##..#
*..## #.....# #...
#.........# ...### ......#
#...*###..###..###.....,
......#
#...####..........#...#


There were no monsters in sight!

Vanquished Creatures
  Jessica (D:2)
  Terence (D:2)
  An adder (D:2)
  A worm (D:2)
  A dart slug (D:2)
  2 bats (D:2)
  A giant cockroach (D:2)
  2 goblins (D:2)
  3 hobgoblins
  2 kobolds
  2 rats
17 creatures vanquished.

Notes
Turn   | Place    | Note
-------+----------+-------------------------------------------
     0 | D:1      | EnegeticOcto the Deep Dwarf Fighter began the quest for the
                  | Orb.
     0 | D:1      | Reached XP level 1. HP: 20/20 MP: 1/1
   165 | D:2      | Found a sparkling altar of Nemelex Xobeh.
   169 | D:2      | Found a basalt altar of Yredelemnul.
   195 | D:2      | Found a shimmering altar of Xom.
   251 | D:2      | Reached XP level 2. HP: 18/27 MP: 2/2
   270 | D:2      | Noticed Terence
   280 | D:2      | Killed Terence
   280 | D:2      | Reached XP level 3. HP: 20/34 MP: 3/3
   397 | D:2      | Found a snail-covered altar of Cheibriados.
   399 | D:2      | Noticed Jessica
   415 | D:2      | Killed Jessica
   415 | D:2      | Reached XP level 4. HP: 40/42 MP: 4/4
   426 | D:2      | Quit the game

Illustrated notes

Levels and vault maps discovered:
D:1:      ebering_trefoil_3fold, layout_loops_ring
D:2:      layout_loops_ring, cheibriados_altar_1,
          nicolae_overflow_hidden_temple, lemuel_doored_altar, minitemple,
          uniq_terence, uniq_jessica

Skill      XL: |  1  2 |
---------------+-------+-----
Fighting       | 3 |  3.1
Axes           | 3 |  3.5
Armour         | |  3.8
Shields        | |  3.8

Action                   |  1- 3 |  4- 6 || total
-------------------------+-------+-------++-------
Melee: War axe           |    72 |       ||    72
 Abil: Heal Wounds       |     1 |       ||     1
  Use: Scroll            |       |     2 ||     2
Armor: Scale mail        |    19 |       ||    19
       Chain mail        |    19 |       ||    19
Dodge: Dodged            |    20 |       ||    20
Block: Kite shield       |    41 |       ||    41

Table legend: (Time is in decaauts)
 A = Elapsed time spent in this place.
 B = Non-inter-level travel time spent in this place.
 C = Inter-level travel time spent in this place.
 D = Time resting spent in this place.
 E = Time spent auto-exploring this place.
 F = Levels seen in this place.
 G = Mean time per level.
                   A        B        C        D        E       F      G
               +--------+--------+--------+--------+--------+-----+--------+
         Total |    458 |    453 |      5 |      0 |    260 |   2 |  229.0 |
       Dungeon |    458 |    453 |      5 |      0 |    260 |   2 |  229.0 |
               +--------+--------+--------+--------+--------+-----+--------+

Top non-repeatable levels by time:
     D:2: 382 daAuts
     D:1: 76 daAuts
